 Dungeon Crawl Stone Soup version 0.31-a0-43-g46d131a48f (webtiles) character file.

Game seed: 16835944024024914741

1786 ders the Geomancer (level 9, -3/45 HPs)
             Began as a Gargoyle Earth Elementalist on May 19, 2023.
             Was an Initiate of Vehumet.
             Slain by a troll (12 damage)
             ... on level 6 of the Dungeon.
             The game lasted 00:11:59 (7584 turns).

ders the Geomancer (Gargoyle Earth Elementalist)    Turns: 7584, Time: 00:12:00

Health: -3/45      AC: 12    Str: 12    XL:     9   Next: 8%
Magic:  3/18       EV: 11    Int: 20    God:    Vehumet [......]
Gold:   323        SH:  0    Dex: 10    Spells: 14/20 levels left

rFire   + . .        e - staff of fire
rCold   . . .        (no shield)
rNeg    + . .        x - +0 steam dragon scales
rPois   ∞            (no helmet)
rElec   +            (no cloak)
rCorr   .            f - +0 pair of gloves
SInv    .            (no boots)
Will    .....        (no amulet)
Stlth   ++           (no ring)
HPRegen 0.27/turn    (no ring)
MPRegen 0.16/turn

%: no passive effects
@: very slightly contaminated
A: sickness immunity, AC +6, negative energy resistance 1, electricity
resistance, torment resistance 1, petrification resistance
a: Renounce Religion


You were on level 6 of the Dungeon.
You worshipped Vehumet.
Vehumet was noncommittal.
You visited 2 branches of the dungeon, and saw 7 of its levels.
You also visited: Sewer.

You collected 459 gold pieces.
You spent 136 gold pieces at shops.

Inventory:

Hand Weapons
 c - a +1 vampiric short sword
Armour
 a - a +0 robe
 f - a +0 pair of gloves (worn)
 x - +0 steam dragon scales (worn)
Magical Staves
 e - a staff of fire (weapon)
 k - a staff of death
Jewellery
 q - an amulet of faith
 t - the ring of Ugier {EV+5 Str+2 Int-4 Dex+3 Stlth+}
   (You found it on level 4 of the Dungeon)

   [ring of evasion]

   EV:        It affects your evasion (+5).
   Str:       It affects your strength (+2).
   Int:       It affects your intelligence (-4).
   Dex:       It affects your dexterity (+3).
   Stlth:     It makes you more stealthy.
Wands
 r - a wand of quicksilver (8)
 s - a wand of flame (11)
 v - a wand of digging (8)
 z - a wand of polymorph (12)
Scrolls
 m - 2 scrolls of identify
 o - 3 scrolls of poison
 p - 2 scrolls of fog
 w - a scroll of enchant weapon
 y - a scroll of blinking
Potions
 b - a potion of curing {unknown}
 d - 2 potions of lignification {unknown}
 g - 2 potions of might {unknown}
 h - 2 potions of haste {unknown}
 i - 2 potions of mutation {unknown}
 j - a potion of resistance {unknown}
 l - 3 potions of attraction
 n - 2 potions of brilliance {unknown}
 u - a potion of degeneration {unknown}


   Skills:
 - Level 1.5 Dodging
 - Level 2.1 Stealth
 + Level 6.0 Spellcasting
 * Level 5.3 Conjurations
 - Level 0.7 Transmutations
 * Level 9.4 Earth Magic
 + Level 3.0 Evocations


You had 14 spell levels left.
You knew the following spells:

 Your Spells              Type           Power      Damage    Failure   Level
a - Sandblast             Erth           86%        2d18      1%          1
b - Stone Arrow           Conj/Erth      70%        3d11      1%          3
c - Blink                 Tloc           12%        N/A       16%         2

Your spell library contained the following spells:

 Spells                   Type           Power      Damage    Failure   Level
 Passwall                 Tmut/Erth      21%        N/A       1%          2
 Lee's Rapid Deconstruct  Erth           21%        3d12*     6%          5
 Summon Small Mammal      Summ           24%        N/A       11%         1
 Dazzling Flash           Conj/Hex       32%        N/A       11%         3
 Petrify                  Tmut/Erth      26%        N/A       13%         4
 Leda's Liquefaction      Hex/Erth       12%        N/A       16%         4
 Call Canine Familiar     Summ           6%         N/A       30%         3
 Gell's Gravitas          Tloc           6%         N/A       30%         3
 Ozocubu's Armour         Ice            6%         N/A       30%         3
 Summon Guardian Golem    Hex/Summ       6%         N/A       30%         3
 Teleport Other           Tloc           6%         N/A       30%         3
 Manifold Assault         Tloc           6%         N/A       71%         4
 Agony                    Necr           6%         N/A       96%         5
 Silence                  Hex/Air        3%         N/A       96%         5
 Dispersal                Tloc           3%         N/A       100%        6
 Ozocubu's Refrigeration  Ice            3%         4d8       100%        7
 Storm Form               Tmut/Air       3%         N/A       100%        7
 Statue Form              Tmut/Erth      Unusable   N/A       N/A         6

Dungeon Overview and Level Annotations

Branches:
Dungeon (6/15)             Temple (1/1) D:6           Sewer (visited)

Altars:
Ashenzari
Cheibriados
Dithmenos
Elyvilon
Fedhas
Gozag
Hepliaklqana
Kikubaaqudgha
Makhleb
Nemelex Xobeh
Okawaru
Qazlal
Ru
Sif Muna
Trog
Uskayaw
Vehumet
Wu Jian
Xom
Yredelemnul
Zin
The Shining One

Shops:
D:4 ?   D:5 [

Annotations:
D:4 Duvessa


Innate Abilities, Weirdness & Mutations

You are immune to sickness and miasma.
Your stone body is resilient. (AC +6)
You are immune to poison.
You resist negative energy. (rN+)
You are resistant to electric shocks. (rElec)
You are resistant to unholy torment.
You are immune to petrification.


Message History

Unknown command.
Casting: Stone Arrow (safe; 1% risk of failure)
Confirm with . or Enter, or press ? or * to list all spells.
Aiming: Stone Arrow (safe; 1% risk of failure)
Press: ? - help, Shift-Dir - straight line, f/p - troll
Aim: a troll (heavily wounded, 74% to hit)
You miscast Stone Arrow.
You are very lightly contaminated with residual magic.
Nothing appears to happen.
The troll closely misses you. The troll misses you.
The troll closely misses you.
Casting: Stone Arrow (safe; 1% risk of failure)
Confirm with . or Enter, or press ? or * to list all spells.
Aiming: Stone Arrow (safe; 1% risk of failure)
Press: ? - help, Shift-Dir - straight line, f/p - troll
Aim: a troll (moderately wounded, 74% to hit)
The stone arrow misses the troll.
The troll bites you but does no damage. The troll claws you.
The troll barely misses you.
Unknown command.
Casting: Stone Arrow (safe; 1% risk of failure)
Confirm with . or Enter, or press ? or * to list all spells.
Aiming: Stone Arrow (safe; 1% risk of failure)
Press: ? - help, Shift-Dir - straight line, f/p - troll
Aim: a troll (moderately wounded, 74% to hit)
The stone arrow hits the troll!
The troll is severely wounded.
The troll bites you! The troll claws you but does no damage.
The troll barely misses you.
Unknown command.
Casting: Stone Arrow (safe; 1% risk of failure)
Confirm with . or Enter, or press ? or * to list all spells.
Aiming: Sandblast (safe; 1% risk of failure)
Press: ? - help, Shift-Dir - straight line, f/p - troll
Aim: a troll (severely wounded, 85% to hit)
The blast of sand hits the troll.
The troll is severely wounded.
The troll bites you! The troll claws you but does no damage.
The troll claws you.
* * * LOW HITPOINT WARNING * * *
The troll bites you!
You die...

#.# #.# ### #.#
..#### #.# #
##...## #.# ##.
##.....## #.# #.#
#.......###.## #T#
#.............
#@###..†....#.....
##.##......###...#
##.#.#.......#.##
##....#####.#.#
##.#.# #.#.#
##.#.### #.#'##
#......# #...|#
##.#.#.###.....
##.#.#.##......


You could see a troll.

Vanquished Creatures
  A steam dragon (D:6)
  A water moccasin (D:5)
  A black bear (D:4)
  A centaur (D:5)
  2 phantoms
  A kobold brigand (D:6)
  3 bullfrogs
  A scorpion (D:6)
  A gnoll sergeant (D:6)
  Dowan (D:4)
  A howler monkey (D:5)
  A hound (D:4)
  2 orc priests (D:5)
  A jelly (D:5)
  2 gnoll boudas
  3 iguanas
  Ijyb (D:3)
  An orc wizard (D:5)
  A sleepcap (D:6)
  12 adders
  11 gnolls
  5 river rats (Sewer)
  3 white imps
  An ufetubus (D:3)
  3 worms
  2 dart slugs
  13 orcs
  A bat (D:1)
  10 endoplasms
  3 giant cockroaches
  5 goblins
  6 hobgoblins
  4 jackals (D:4)
  8 kobolds
  7 quokkas
  14 ball pythons
  3 frilled lizards
  31 rats
168 creatures vanquished.

Notes
Turn   | Place    | Note
-------+----------+-------------------------------------------
     0 | D:1      | ders the Gargoyle Earth Elementalist began the quest for
                  | the Orb.
     0 | D:1      | Reached XP level 1. HP: 10/10 MP: 3/3
   144 | D:1      | Reached skill level 4 in Earth Magic
   144 | D:1      | Reached XP level 2. HP: 10/15 MP: 1/5
   994 | D:2      | Reached XP level 3. HP: 19/19 MP: 4/6
   998 | D:2      | Learned a level 3 spell: Stone Arrow
  1948 | D:3      | Reached XP level 4. HP: 24/24 MP: 6/8
  1948 | D:3      | Found a glowing drain.
  1958 | Sewer    | Entered a sewer
  1984 | Sewer    | Reached skill level 5 in Earth Magic
  2034 | Sewer    | HP: 1/24 [river rat (7)]
  2340 | Sewer    | Reached XP level 5. HP: 8/28 MP: 3/10
  2676 | Sewer    | Reached skill level 6 in Earth Magic
  2676 | Sewer    | Reached XP level 6. HP: 15/32 MP: 5/12
  2982 | D:3      | Noticed Ijyb
  2985 | D:3      | Paralysed by Ijyb for 5 turns
  3109 | D:3      | Identified the staff of conjuration "Ogidatid" {Fly rC+
                  | Will+}
  3153 | D:3      | Paralysed by Ijyb for 2 turns
  3157 | D:3      | Killed Ijyb
  3522 | D:4      | Noticed a black bear
  3528 | D:4      | Killed a black bear
  3529 | D:4      | Reached skill level 5 in Spellcasting
  3529 | D:4      | Reached skill level 7 in Earth Magic
  3529 | D:4      | Reached XP level 7. HP: 36/36 MP: 4/14
  3660 | D:4      | Found Wurysoxi's Magic Scroll Emporium.
  3668 | D:4      | Identified the ring of Ugier {EV+5 Str+2 Int-4 Dex+3
                  | Stlth+}
  3675 | D:4      | Bought a scroll of blinking for 97 gold pieces
  3675 | D:4      | Bought a scroll of teleportation for 39 gold pieces
  3747 | D:4      | Reached skill level 1 in Conjurations
  4517 | D:4      | Noticed Dowan
  4518 | D:4      | Noticed Duvessa
  4524 | D:4      | HP: 1/36 [Duvessa/+3 short sword of speed (7)]
  4724 | D:4      | Killed Dowan
  4725 | D:4      | Reached skill level 1 in Evocations
  4784 | D:5      | Entered Level 5 of the Dungeon
  5119 | D:5      | Found Tongak's Antique Armour Boutique.
  5234 | D:5      | Reached skill level 8 in Earth Magic
  5234 | D:5      | Reached XP level 8. HP: 41/41 MP: 7/16
  5672 | D:5      | Found a broken altar of Ashenzari.
  5859 | D:5      | Learned a level 2 spell: Blink
  6230 | D:6      | Found a staircase to the Ecumenical Temple.
  6236 | Temple   | Entered the Ecumenical Temple
  6545 | Temple   | Became a worshipper of Vehumet
  7085 | D:6      | Reached skill level 9 in Earth Magic
  7300 | D:6      | Reached skill level 5 in Conjurations
  7300 | D:6      | Reached XP level 9. HP: 45/45 MP: 7/17
  7578 | D:6      | Noticed a troll
  7584 | D:6      | Slain by a troll

Illustrated notes

Levels and vault maps discovered:
D:1:      evilmike_arrival_plus, layout_loops_ring
D:2:      layout_basic, kennysheep_donut, patterned_corridor
D:3:      layout_loops_ring, portal_sewer_entry_d, uniq_ijyb
D:4:      layout_basic, serial_shops, shop, uniq_duvessa
D:5:      layout_basic, nicolae_ashenzari_panopticon, serial_shops,
          nicolae_shop_behind_doors, serial_bayou_ford_a, minmay_liquid_box
D:6:      layout_loops_corners, temple_statues, guppyfry_shop_venom
Temple:   roderic_octagonal_lattice_temple

Skill      XL: |  1  2  3  4  5  6  7  8  9 |
---------------+----------------------------+-----
Earth Magic    | 4 5 6 7 8 9 |  9.4
Spellcasting   | 3 4 5 6 |  6.0
Conjurations   | 3 5 |  5.3
Evocations     | 1 2 3 |  3.0
Dodging        | |  1.5
Stealth        | |  2.1
Transmutations | |  0.7

Action                     |  1- 3 |  4- 6 |  7- 9 || total
---------------------------+-------+-------+-------++-------
  Melee: Short sword       |     8 |       |       ||     8
         Staff             |       |    15 |    10 ||    25
   Cast: Sandblast         |    50 |   100 |    82 ||   232
         Stone Arrow       |       |     6 |    59 ||    65
    Use: Scroll            |     2 |     6 |     7 ||    15
         Potion            |       |     3 |       ||     3
 Armour: Robe              |     6 |    51 |    32 ||    89
         Steam dragon scal |       |       |     4 ||     4
  Dodge: Dodged            |    11 |    64 |    73 ||   148

Table legend: (Time is in decaauts)
 A = Elapsed time spent in this place.
 B = Non-inter-level travel time spent in this place.
 C = Inter-level travel time spent in this place.
 D = Time resting spent in this place.
 E = Time spent auto-exploring this place.
 F = Levels seen in this place.
 G = Mean time per level.
                   A        B        C        D        E       F      G
               +--------+--------+--------+--------+--------+-----+--------+
         Total |   7768 |   7370 |    398 |   1359 |   4940 |   8 |  971.0 |
       Dungeon |   6499 |   6162 |    337 |    951 |   4449 |   6 | 1083.2 |
        Temple |    330 |    269 |     61 |      0 |    246 |   1 |  330.0 |
         Sewer |    938 |    938 |      0 |    408 |    245 |   1 |  938.0 |
               +--------+--------+--------+--------+--------+-----+--------+

Top non-repeatable levels by time:
     D:5: 1428 daAuts
     D:4: 1212 daAuts
     D:6: 1070 daAuts
     D:3: 1019 daAuts
     D:1: 962 daAuts
   Sewer: 938 daAuts
     D:2: 805 daAuts
  Temple: 330 daAuts
